 Dungeon Crawl Stone Soup version 0.31-a0-178-g96ec847f19 (webtiles) character file.

Game seed: 12131623005894080555

31459 qw the Cleaver (level 13, -7/83 HPs)
             Began as a Gargoyle Fighter on June 18, 2023.
             Was a High Priest of Okawaru.
             Mangled by a demonic crawler (11 damage)
             ... on level 4 of the Lair of Beasts.
             The game lasted 00:08:51 (12682 turns).

qw the Cleaver (Gargoyle Fighter)                  Turns: 12682, Time: 00:08:52

Health: -7/83      AC: 45    Str: 27    XL:     13   Next: 58%
Magic:  18/20      EV: 15    Int: 12    God:    Okawaru [*****.]
Gold:   317        SH:  6    Dex:  9    Spells: 12/12 levels left

rFire   + . .        Y - +1 war axe (flame)
rCold   + + .        c - +0 buckler
rNeg    + . .        g - +10 plate armour of Ethereal Beauty {-Cast Rampage +Blink rF+}
rPois   inf          (helmet restricted)
rElec   +            t - +2 cloak {rPois}
rCorr   .            j - +1 pair of gloves "Jenid Zedwewk" {rC++ Str-3 Int+2}
SInv    .            y - +1 pair of boots {rampage}
Will    .....        e - amulet of faith Stlth
                     A - +5 ring of evasion
HPRegen 0.33/turn    B - +6 ring of strength
MPRegen 0.17/turn

%: no spellcasting, rampage, faith
@: heroic
A: sickness immunity, AC +9, negative energy resistance 1, electricity
resistance, torment resistance 1, petrification resistance, horns 1, wild magic
1, MP-powered wands
a: Renounce Religion, Evoke Blink, Heroism, Finesse, Duel


You were on level 4 of the Lair of Beasts.
You worshipped Okawaru.
Okawaru was extremely pleased with you.
You visited 3 branches of the dungeon, and saw 14 of its levels.

You collected 835 gold pieces.
You spent 518 gold pieces at shops.


Innate Abilities, Weirdness & Mutations

You are immune to sickness and miasma.
Your stone body is resilient. (AC +9)
You are immune to poison.
You resist negative energy. (rN+)
You are resistant to electric shocks. (rElec)
You are resistant to unholy torment.
You are immune to petrification.
You have a pair of small horns on your head.
Your spells are a little harder to cast, but a little more powerful.
You expend magic power (3 MP) to strengthen your wands.


   Skills:
 - Level 10.7(15.7) Fighting
 - Level 14.0(19.0) Axes
 + Level 3.5(8.5) Throwing
 - Level 10.0(15.0) Armour
 - Level 2.3(7.3) Dodging
 - Level 7.0(12.0) Shields
 - Level 10.0 Invocations


You had 12 spell levels left.
You didn't know any spells.
Your spell library was empty.

Inventory:

Hand Weapons
 Y - a +1 war axe of flaming (weapon)
Missiles
 k - 3 silver javelins
 r - 9 boomerangs (quivered)
Armour
 b - a +0 pair of gloves
 c - a +0 buckler (worn)
 g - the +10 plate armour of Ethereal Beauty (worn) {-Cast Rampage +Blink rF+}
   (You found it on level 4 of the Dungeon)

   rF:        It protects you from fire.
   +Blink:    It lets you blink.
   -Cast:     It prevents spellcasting.
   Rampage:   It bestows one free step when moving towards enemies.
 j - the +1 pair of gloves "Jenid Zedwewk" (worn) {rC++ Str-3 Int+2}
   (You acquired it on level 4 of the Dungeon)

   Str:       It affects your strength (-3).
   Int:       It affects your intelligence (+2).
   rC:        It greatly protects you from cold.
 t - a +2 cloak of poison resistance (worn)
 w - the +0 animal skin "Vateaz" {rElec rPois rCorr Str+3}
   (Okawaru gifted it to you on level 9 of the Dungeon)

   Str:       It affects your strength (+3).
   rElec:     It insulates you from electricity.
   rPois:     It protects you from poison.
   rCorr:     It protects you from acid and corrosion.
 y - a +1 pair of boots of rampaging (worn)
Jewellery
 e - an amulet of faith (around neck)
 f - a ring of resist corrosion
 i - an amulet of regeneration
 A - a +5 ring of evasion (left hand)
 B - a +6 ring of strength (right hand)
Wands
 v - a wand of digging (4)
Scrolls
 a - 5 scrolls of identify
Potions
 d - a potion of might
 h - 2 potions of resistance
 m - a potion of mutation
 n - 4 potions of haste
 o - a potion of attraction
 p - 8 potions of curing
 q - a potion of lignification
 x - 3 potions of enlightenment

Dungeon Overview and Level Annotations

Branches:
Dungeon (9/15)             Temple (1/1) D:4            Lair (4/5) D:9
 Shoals (0/4) Lair:2        Snake (0/4) Lair:3
  Slime: Lair:4-5       Orc: D:9-12

Altars:
Ashenzari
Cheibriados
Dithmenos
Elyvilon
Fedhas
Gozag
Hepliaklqana
Kikubaaqudgha
Makhleb
Nemelex Xobeh
Okawaru
Qazlal
Ru
Sif Muna
Trog
Uskayaw
Vehumet
Wu Jian
Xom
Yredelemnul
Zin
The Shining One

Shops:
D:5 *!   D:8 *   D:9 *

Annotations:
D:3 3 runed translucent doors, qw's ghost, weakling GrFi
D:5 exclusion: 4 gnolls


Message History

The demonic crawler barely misses you. The demonic crawler hits you.
The demonic crawler closely misses you.
You hit the demonic crawler but do no damage.
The demonic crawler is moderately wounded.
The demonic crawler hits you but does no damage. x3
You slice the demonic crawler!! You burn the demonic crawler!
The demonic crawler is severely wounded.
The demonic crawler closely misses you. x2
The demonic crawler hits you but does no damage.
You slash the demonic crawler! You burn the demonic crawler.
The demonic crawler is severely wounded.
The demonic crawler barely misses you.
The demonic crawler hits you but does no damage.
The demonic crawler misses you.
The demonic crawler completely misses you.
The demonic crawler barely misses you. You block the demonic crawler's attack.
You closely miss the demonic crawler.
Your headbutt misses the demonic crawler.
The demonic crawler is severely wounded.
The demonic crawler hits you! The demonic crawler misses you.
You block the demonic crawler's attack.
You slash the demonic crawler! You burn the demonic crawler.
You headbutt the demonic crawler, but do no damage.
The demonic crawler is severely wounded.
You feel like a meek peon again. The demonic crawler hits you!!
The demonic crawler hits you but does no damage.
You block the demonic crawler's attack.
A swamp worm comes into view.
The demonic crawler hits you. The demonic crawler barely misses you.
The demonic crawler hits you but does no damage.
12681 ||| INVOKING Heroism.
You gain the combat prowess of a mighty hero.
The demonic crawler hits you but does no damage. x2
The demonic crawler barely misses you.
You hit the demonic crawler but do no damage.
The demonic crawler is heavily wounded.
The demonic crawler barely misses you. You block the demonic crawler's attack.
The demonic crawler hits you!
You die...

... .... ~~~....... ....
###~~~#....## ....~~
$~#~~~...... . ....~~
~~~~~~P..## .. ....~~##
#w~~~P...##... ....~~~###
###~~~..........
.....~~~~###~~~~s%.........
.......~~~~~~~..@..........
........~~~~~..............
.................###..##...
...PP...#####P.### .##
...##.########.# ..
...#........#..+ ...
....#........... ...#
...#.........#.## ...#
............##.. .#.#


You could see a demonic crawler (berserk) and a swamp worm.

Vanquished Creatures
  A hydra (Lair:2)
  3 two-headed ogres
  Amaemon (Lair:2)
  A skyshark (Lair:3)
  4 oklob plants (Lair:1)
  15 elephants
  Joseph (D:9)
  A moth of wrath (Lair:4)
  4 black mambas
  An orange demon (Lair:2)
  6 cane toads
  10 komodo dragons
  2 rime drakes (Lair:3)
  A troll (D:9)
  A polar bear (Lair:2)
  Prince Ribbit (D:6)
  3 blink frogs (Lair:3)
  A shadow (D:7)
  Grum (D:5)
  2 wyverns (D:9)
  A wraith (D:9)
  27 yaks
  3 basilisks
  A steam dragon (D:8)
  A swamp worm (Lair:4)
  An acid dragon (D:9)
  25 water moccasins
  Duvessa (D:4)
  A black bear (D:7)
  2 sky beasts
  An ice beast (D:7)
  4 ogres
  2 centaurs
  12 wolves
  A phantom (D:6)
  A kobold brigand (D:8)
  Blork the orc (D:6)
  7 scorpions
  2 gnoll sergeants (D:5)
  10 bullfrogs
  A wight (D:7)
  Dowan (D:4)
  23 killer bees
  3 orc priests
  9 hounds
  2 gnoll boudas
  A sleepcap (D:8)
  2 iguanas
  5 orc wizards
  22 gnolls
  7 adders
  A shadow imp (D:5)
  A white imp (D:6)
  An ufetubus (D:4)
  2 worms
  2 dart slugs (D:1)
  20 orcs
  10 ball pythons
  8 bats
  13 endoplasms
  3 giant cockroaches
  8 goblins
  9 hobgoblins
  2 jackals
  16 kobolds
  4 quokkas
  3 frilled lizards
  3 rats
346 creatures vanquished.

Notes
Turn   | Place    | Note
-------+----------+-------------------------------------------
     0 | D:1      | qw the Gargoyle Fighter began the quest for the Orb.
     0 | D:1      | Reached XP level 1. HP: 14/14 MP: 1/1
     0 | D:1      | 0 ||| qw: Version: 0.3-a-7-ge0c9b40
     0 | D:1      | 0 ||| qw: Game counter: 865
     0 | D:1      | 0 ||| qw: Always use a shield: true
     0 | D:1      | 0 ||| qw: God list: Okawaru
     0 | D:1      | 0 ||| qw: Allow faded altars: false
     0 | D:1      | 0 ||| qw: Do Orc after D:15 true
     0 | D:1      | 0 ||| qw: Do second Lair branch before Depths: true
     0 | D:1      | 0 ||| qw: Lair rune preference: random
     0 | D:1      | 0 ||| qw: Plans: Normal, Zot:1-4, Slime:5, God:TSO, Crypt,
                  | Tomb, Abyss, Pan, Hells, Win
     0 | D:1      | 0 ||| PLANNING D:1-11
    78 | D:1      | Reached skill level 2 in Axes
   164 | D:1      | Reached XP level 2. HP: 17/19 MP: 2/2
   209 | D:1      | 209 ||| Stepping ~*~*~tactically~*~*~ (hiding).
   411 | D:1      | Reached skill level 3 in Axes
   458 | D:1      | Reached XP level 3. HP: 23/23 MP: 3/3
   851 | D:1      | 851 ||| UPGRADING to +0 plate armour.
   861 | D:1      | 861 ||| DROPPING +0 scale mail.
   862 | D:1      | 862 ||| UPGRADING to ring of resist corrosion.
   863 | D:1      | 863 ||| READING 2 scrolls labelled ZIHIAGOMIE.
   864 | D:1      | 864 ||| READING scroll labelled PEMEIDINKU.
   865 | D:1      | 865 ||| READING scroll labelled QAGARO USECKE.
   866 | D:1      | 866 ||| READING scroll labelled IRUIMU EFREH.
   867 | D:1      | 867 ||| DRINKING 2 smoky amethyst potions.
   868 | D:1      | 868 ||| DRINKING 2 metallic brown potions.
   868 | D:1      | Gained mutation: You have hidden genetic potential. [potion
                  | of mutation]
   868 | D:1      | Gained mutation: You expend magic power (3 MP) to
                  | strengthen your wands. [potion of mutation]
   869 | D:1      | 869 ||| DROPPING potion of invisibility.
   901 | D:2      | HP: 5/23 [adder (3)]
   933 | D:2      | 933 ||| FLEEEEING.
   934 | D:2      | 934 ||| STAIRDANCE
   985 | D:2      | 985 ||| DROPPING +0 club.
   995 | D:2      | 995 ||| Stepping ~*~*~tactically~*~*~ (stealth).
  1068 | D:2      | Reached XP level 4. HP: 27/28 MP: 4/4
  1107 | D:2      | Gained mutation: You have a pair of small horns on your
                  | head. [hidden potential]
  1121 | D:2      | Reached skill level 4 in Axes
  1204 | D:2      | Identified the +2 spear of Agony {freeze, rElec Int+3}
  1432 | D:2      | Identified the +0 robe "Soefucs" {-Tele rElec Str+3 Int+8}
  1631 | D:2      | Reached XP level 5. HP: 28/32 MP: 5/5
  1641 | D:2      | HP: 7/32 [gnoll/+1 spear of venom (5)]
  1657 | D:2      | Gained mutation: Your spells are a little harder to cast,
                  | but a little more powerful. [hidden potential]
  1657 | D:2      | Lost mutation: You have hidden genetic potential. [hidden
                  | potential expressed]
  1802 | D:2      | 1802 ||| UPGRADING to amulet of faith.
  1807 | D:2      | 1807 ||| UPGRADING to +4 ring of protection.
  1808 | D:2      | 1808 ||| DRINKING 2 sedimented coppery potions.
  1809 | D:2      | 1809 ||| DROPPING potion of brilliance.
  1819 | D:3      | Noticed an ogre
  1819 | D:3      | Found a faded altar of an unknown god.
  1824 | D:3      | Killed an ogre
  1825 | D:3      | Reached skill level 5 in Axes
  1825 | D:3      | Reached XP level 6. HP: 34/37 MP: 6/6
  1906 | D:3      | 1906 ||| Stepping ~*~*~tactically~*~*~ (stealth).
  1972 | D:3      | Found a runed translucent gate.
  1973 | D:3      | Found a runed translucent gate.
  1973 | D:3      | Noticed qw's ghost (weakling GrFi)
  1974 | D:3      | Found a runed translucent gate.
  2037 | D:3      | 2037 ||| Stepping ~*~*~tactically~*~*~ (stealth).
  2396 | D:3      | 2396 ||| READING 2 scrolls labelled GIDOCROFUWA.
  2430 | D:3      | 2430 ||| READING scroll labelled PORU PITATASO.
  2431 | D:3      | 2431 ||| READING scroll labelled GIAPRA KOXIQI.
  2432 | D:3      | 2432 ||| DRINKING 3 emerald potions.
  2433 | D:3      | 2433 ||| READING 3 scrolls of identify.
  2433 | D:3      | 2433 ||| IDENTIFYING white potion
  2580 | D:4      | Found a staircase to the Ecumenical Temple.
  2581 | D:4      | 2581 ||| PLANNING TEMPLE
  2581 | D:4      | 2581 ||| READING 2 scrolls of identify.
  2581 | D:4      | 2581 ||| IDENTIFYING fuming black potion
  2584 | D:4      | 2584 ||| Stepping ~*~*~tactically~*~*~ (stealth).
  2585 | D:4      | 2585 ||| Stepping ~*~*~tactically~*~*~ (stealth).
  2591 | D:4      | 2591 ||| Stepping ~*~*~tactically~*~*~ (stealth).
  2603 | Temple   | Entered the Ecumenical Temple
  2674 | Temple   | 2674 ||| PLANNING OKAWARU WORSHIP
  2899 | Temple   | Became a worshipper of Warmaster Okawaru
  2900 | Temple   | 2900 ||| PLANNING D:1-11
  3207 | D:4      | 3207 ||| Stepping ~*~*~tactically~*~*~ (hiding).
  3325 | D:4      | HP: 8/38 [gnoll bouda/+0 whip (8)]
  3326 | D:4      | 3326 ||| READING scroll of teleportation.
  3327 | D:4      | 3327 ||| DRINKING potion of heal wounds.
  3638 | D:4      | Identified the +10 plate armour of Ethereal Beauty {-Cast
                  | Rampage +Blink rF+}
  3714 | D:4      | Noticed Duvessa
  3715 | D:4      | Noticed Dowan
  3716 | D:4      | 3716 ||| Stepping ~*~*~tactically~*~*~ (stealth).
  3724 | D:4      | Killed Duvessa
  3725 | D:4      | Reached skill level 6 in Axes
  3725 | D:4      | Reached XP level 7. HP: 35/43 MP: 7/7
  3728 | D:4      | 3728 ||| Stepping ~*~*~tactically~*~*~ (hiding).
  3747 | D:4      | Killed Dowan
  3966 | D:4      | 3966 ||| Stepping ~*~*~tactically~*~*~ (hiding).
  3968 | D:4      | 3968 ||| Stepping ~*~*~tactically~*~*~ (hiding).
  3972 | D:4      | 3972 ||| Stepping ~*~*~tactically~*~*~ (hiding).
  3979 | D:4      | 3979 ||| Stepping ~*~*~tactically~*~*~ (stealth).
  3984 | D:4      | 3984 ||| Stepping ~*~*~tactically~*~*~ (stealth).
  4283 | D:4      | 4283 ||| UPGRADING to +10 plate armour of Ethereal Beauty
                  | {-Cast Rampage +Blink rF+}.
  4293 | D:4      | 4293 ||| DROPPING +0 plate armour.
  4294 | D:4      | 4294 ||| READING scroll labelled KYILOGO RETTUS.
  4295 | D:4      | 4295 ||| READING scroll labelled OREVVIOS XIQYHAN.
  4295 | D:4      | Identified a scroll of acquirement
  4295 | D:4      | 4295 ||| ACQUIRING +1 pair of gloves "Jenid Zedwewk" {rC++
                  | Str-3 Int+2}
  4295 | D:4      | Acquired the +1 pair of gloves "Jenid Zedwewk" {rC++ Str-3
                  | Int+2}
  4297 | D:4      | 4297 ||| UPGRADING to +1 pair of gloves "Jenid Zedwewk"
                  | {rC++ Str-3 Int+2}.
  4302 | D:4      | 4302 ||| READING scroll labelled ZODOES TI LUOT.
  4303 | D:4      | 4303 ||| DROPPING +0 flail.
  4308 | D:5      | Entered Level 5 of the Dungeon
  4364 | D:5      | 4364 ||| READING scroll labelled VIOQOS LYZYEHA.
  4382 | D:5      | 4382 ||| Stepping ~*~*~tactically~*~*~ (stealth).
  4383 | D:5      | 4383 ||| Stepping ~*~*~tactically~*~*~ (stealth).
  4387 | D:5      | 4387 ||| Stepping ~*~*~tactically~*~*~ (stealth).
  4461 | D:5      | Reached * piety under Okawaru
  4462 | D:5      | Reached skill level 7 in Axes
  4466 | D:5      | Reached skill level 1 in Invocations
  4468 | D:5      | 4468 ||| Stepping ~*~*~tactically~*~*~ (stealth).
  4473 | D:5      | 4473 ||| INVOKING Heroism.
  4491 | D:5      | Reached XP level 8. HP: 45/48 MP: 7/9
  4516 | D:5      | 4516 ||| Stepping ~*~*~tactically~*~*~ (hiding).
  4533 | D:5      | 4533 ||| FLEEEEING.
  4538 | D:5      | 4538 ||| FLEEEEING.
  4539 | D:5      | 4539 ||| FLEEEEING.
  4540 | D:5      | 4540 ||| Stepping ~*~*~tactically~*~*~ (hiding).
  4541 | D:5      | 4541 ||| Stepping ~*~*~tactically~*~*~ (hiding).
  4542 | D:5      | 4542 ||| Stepping ~*~*~tactically~*~*~ (hiding).
  4660 | D:5      | Reached skill level 1 in Throwing
  4660 | D:5      | Reached skill level 3 in Invocations
  4680 | D:5      | 4680 ||| INVOKING Heroism.
  4729 | D:5      | 4729 ||| READING scroll labelled NAFOFY COU.
  4730 | D:5      | 4730 ||| READING 3 scrolls of identify.
  4730 | D:5      | 4730 ||| IDENTIFYING smoky brown potion
  4731 | D:5      | 4731 ||| DROPPING potion of degeneration.
  4830 | D:5      | 4830 ||| Stepping ~*~*~tactically~*~*~ (stealth).
  4884 | D:5      | 4884 ||| INVOKING Heroism.
  4896 | D:5      | 4896 ||| Stepping ~*~*~tactically~*~*~ (stealth).
  4902 | D:5      | 4902 ||| Stepping ~*~*~tactically~*~*~ (stealth).
  4904 | D:5      | 4904 ||| Stepping ~*~*~tactically~*~*~ (stealth).
  4911 | D:5      | 4911 ||| Stepping ~*~*~tactically~*~*~ (hiding).
  4913 | D:5      | 4913 ||| Stepping ~*~*~tactically~*~*~ (hiding).
  4914 | D:5      | 4914 ||| Stepping ~*~*~tactically~*~*~ (hiding).
  4915 | D:5      | 4915 ||| Stepping ~*~*~tactically~*~*~ (hiding).
  4996 | D:5      | 4996 ||| Stepping ~*~*~tactically~*~*~ (stealth).
  5006 | D:5      | Found Jomnemy's Distillery.
  5012 | D:5      | 5012 ||| BUYING 2 potions of heal wounds (130 gold).
  5012 | D:5      | Bought 2 potions of heal wounds for 130 gold pieces
  5012 | D:5      | 5012 ||| BUYING potion of attraction (39 gold).
  5012 | D:5      | Bought a potion of attraction for 39 gold pieces
  5012 | D:5      | 5012 ||| BUYING potion of curing (39 gold).
  5012 | D:5      | Bought a potion of curing for 39 gold pieces
  5012 | D:5      | 5012 ||| BUYING potion of curing (39 gold).
  5012 | D:5      | Bought a potion of curing for 39 gold pieces
  5012 | D:5      | 5012 ||| SHOPLISTING potion of heal wounds (65 gold, have
                  | 8).
  5012 | D:5      | 5012 ||| SHOPLISTING potion of mutation (104 gold, have 8).
  5012 | D:5      | 5012 ||| SHOPLISTING potion of resistance (130 gold, have
                  | 8).
  5053 | D:5      | Reached skill level 8 in Axes
  5066 | D:5      | 5066 ||| Stepping ~*~*~tactically~*~*~ (stealth).
  5073 | D:5      | Reached ** piety under Okawaru
  5098 | D:5      | Noticed Grum
  5099 | D:5      | 5099 ||| INVOKING Heroism.
  5105 | D:5      | Killed Grum
  5184 | D:5      | 5184 ||| Stepping ~*~*~tactically~*~*~ (stealth).
  5191 | D:5      | Reached XP level 9. HP: 54/54 MP: 12/12
  5194 | D:5      | Found Bot Tofi's Assorted Antiques.
  5202 | D:5      | 5202 ||| SHOPLISTING +2 pair of slick slippers {slick,
                  | slippery, EV+4} (995 gold, have 8).
  5202 | D:5      | 5202 ||| SHOPLISTING golden potion (23 gold, have 8).
  5202 | D:5      | 5202 ||| SHOPLISTING scroll of identify (52 gold, have 8).
  5202 | D:5      | 5202 ||| SHOPLISTING tapered bronze wand (104 gold, have
                  | 8).
  5473 | D:5      | 5473 ||| Stepping ~*~*~tactically~*~*~ (stealth).
  5578 | D:5      | 5578 ||| Stepping ~*~*~tactically~*~*~ (hiding).
  5583 | D:5      | 5583 ||| BUYING golden potion (23 gold).
  5583 | D:5      | Bought a golden potion for 23 gold pieces
  5691 | D:5      | 5691 ||| READING 2 scrolls of identify.
  5691 | D:5      | 5691 ||| IDENTIFYING golden potion
  5703 | D:6      | 5703 ||| Stepping ~*~*~tactically~*~*~ (hiding).
  5704 | D:6      | 5704 ||| Stepping ~*~*~tactically~*~*~ (hiding).
  5705 | D:6      | 5705 ||| Stepping ~*~*~tactically~*~*~ (hiding).
  5706 | D:6      | 5706 ||| Stepping ~*~*~tactically~*~*~ (hiding).
  5707 | D:6      | 5707 ||| Stepping ~*~*~tactically~*~*~ (hiding).
  5708 | D:6      | 5708 ||| Stepping ~*~*~tactically~*~*~ (hiding).
  5709 | D:6      | 5709 ||| Stepping ~*~*~tactically~*~*~ (hiding).
  5710 | D:6      | 5710 ||| Stepping ~*~*~tactically~*~*~ (hiding).
  5711 | D:6      | 5711 ||| Stepping ~*~*~tactically~*~*~ (hiding).
  5712 | D:6      | 5712 ||| Stepping ~*~*~tactically~*~*~ (hiding).
  5713 | D:6      | 5713 ||| Stepping ~*~*~tactically~*~*~ (hiding).
  5714 | D:6      | 5714 ||| Stepping ~*~*~tactically~*~*~ (hiding).
  5715 | D:6      | 5715 ||| Stepping ~*~*~tactically~*~*~ (hiding).
  5716 | D:6      | 5716 ||| Stepping ~*~*~tactically~*~*~ (hiding).
  5762 | D:6      | 5762 ||| Stepping ~*~*~tactically~*~*~ (stealth).
  5779 | D:6      | Noticed Prince Ribbit
  5780 | D:6      | 5780 ||| INVOKING Heroism.
  5790 | D:6      | Killed Prince Ribbit
  5791 | D:6      | Reached skill level 6 in Fighting
  6081 | D:6      | Found a sacrificial altar of Ru.
  6207 | D:6      | Noticed Blork the orc
  6208 | D:6      | 6208 ||| INVOKING Heroism.
  6211 | D:6      | Killed Blork the orc
  6382 | D:6      | Noticed a two-headed ogre
  6383 | D:6      | 6383 ||| INVOKING Heroism.
  6391 | D:6      | Killed a two-headed ogre
  6391 | D:6      | Reached *** piety under Okawaru
  6392 | D:6      | Reached skill level 9 in Axes
  6608 | D:6      | 6608 ||| DROPPING ring of magical power.
  6659 | D:7      | Found an ornate altar of the Wu Jian Council.
  6665 | D:7      | Found a bloodstained altar of Trog.
  6690 | D:7      | 6690 ||| INVOKING Heroism.
  6700 | D:7      | Reached XP level 10. HP: 54/63 MP: 11/13
  6735 | D:7      | Reached **** piety under Okawaru
  6736 | D:7      | Reached skill level 6 in Armour
  6793 | D:7      | 6793 ||| Stepping ~*~*~tactically~*~*~ (hiding).
  6794 | D:7      | 6794 ||| Stepping ~*~*~tactically~*~*~ (hiding).
  6804 | D:7      | Received a gift from Okawaru
  6849 | D:7      | 6849 ||| Stepping ~*~*~tactically~*~*~ (stealth).
  6877 | D:7      | 6877 ||| Stepping ~*~*~tactically~*~*~ (stealth).
  6878 | D:7      | 6878 ||| Stepping ~*~*~tactically~*~*~ (stealth).
  7024 | D:7      | 7024 ||| INVOKING Heroism.
  7224 | D:7      | 7224 ||| Stepping ~*~*~tactically~*~*~ (hiding).
  7230 | D:7      | 7230 ||| Stepping ~*~*~tactically~*~*~ (hiding).
  7237 | D:7      | 7237 ||| DRINKING 4 potions of curing.
  7237 | D:7      | 7237 ||| (to cure confusion)
  7238 | D:7      | 7238 ||| DRINKING 3 potions of curing.
  7238 | D:7      | 7238 ||| (to cure confusion)
  7248 | D:7      | Reached skill level 10 in Axes
  7509 | D:8      | Found Woyc Afi's Gadget Gallery.
  7518 | D:8      | 7518 ||| SHOPLISTING wand of digging (7) (411 gold, have
                  | 264).
  7560 | D:8      | Found a broken altar of Ashenzari.
  7583 | D:8      | 7583 ||| INVOKING Heroism.
  7898 | D:8      | 7898 ||| Stepping ~*~*~tactically~*~*~ (stealth).
  7901 | D:8      | 7901 ||| Stepping ~*~*~tactically~*~*~ (stealth).
  7903 | D:8      | 7903 ||| Stepping ~*~*~tactically~*~*~ (hiding).
  7905 | D:8      | 7905 ||| INVOKING Heroism.
  7937 | D:8      | Reached skill level 6 in Invocations
  8055 | D:8      | 8055 ||| UPGRADING to +2 cloak of poison resistance.
  8060 | D:8      | 8060 ||| DROPPING orb of guile.
  8114 | D:9      | Noticed Joseph
  8115 | D:9      | 8115 ||| Stepping ~*~*~tactically~*~*~ (hiding).
  8144 | D:9      | Killed Joseph
  8240 | D:9      | Found a staircase to the Lair.
  8241 | D:9      | 8241 ||| INVOKING Heroism.
  8258 | D:9      | 8258 ||| Stepping ~*~*~tactically~*~*~ (hiding).
  8306 | D:9      | 8306 ||| Stepping ~*~*~tactically~*~*~ (stealth).
  8370 | D:9      | 8370 ||| INVOKING Heroism.
  8376 | D:9      | Reached ***** piety under Okawaru
  8377 | D:9      | Reached XP level 11. HP: 40/68 MP: 13/16
  8378 | D:9      | Received a gift from Okawaru
  8490 | D:9      | Found a shadowy altar of Dithmenos.
  8519 | D:9      | Identified the +0 animal skin "Vateaz" {rElec rPois rCorr
                  | Str+3} (Okawaru gifted it to you on level 9 of the Dungeon)
  8519 | D:9      | Received a gift from Okawaru
  8799 | D:9      | Reached skill level 9 in Invocations
  8870 | D:9      | Found Ashrapluo's Assorted Antiques.
  8878 | D:9      | 8878 ||| BUYING glowing scarf (248 gold).
  8878 | D:9      | Bought a glowing scarf for 248 gold pieces
  8878 | D:9      | 8878 ||| SHOPLISTING pair of embroidered gloves (232 gold,
                  | have 56).
  8913 | D:9      | Noticed a two-headed ogre
  8914 | D:9      | 8914 ||| INVOKING Heroism.
  8922 | D:9      | Killed a two-headed ogre
  8953 | D:9      | Noticed a two-headed ogre
  8954 | D:9      | 8954 ||| INVOKING Heroism.
  8962 | D:9      | Killed a two-headed ogre
  9075 | D:9      | 9075 ||| PLANNING LAIR
  9075 | D:9      | 9075 ||| DROPPING scarf of shadows.
  9076 | D:9      | 9076 ||| DROPPING amulet of the acrobat.
  9077 | D:9      | 9077 ||| READING 7 scrolls of identify.
  9077 | D:9      | 9077 ||| IDENTIFYING dark potion
  9120 | Lair:1   | Entered Level 1 of the Lair of Beasts
  9174 | Lair:1   | Reached skill level 11 in Axes
  9227 | Lair:1   | 9227 ||| INVOKING Heroism.
  9325 | Lair:1   | 9325 ||| INVOKING Heroism.
  9444 | Lair:1   | 9444 ||| INVOKING Heroism.
  9499 | Lair:1   | 9499 ||| INVOKING Heroism.
  9505 | Lair:1   | Reached skill level 9 in Fighting
  9520 | Lair:1   | Reached XP level 12. HP: 55/76 MP: 19/19
  9542 | Lair:1   | 9542 ||| INVOKING Heroism.
  9694 | Lair:1   | Reached skill level 12 in Axes
  9768 | Lair:1   | 9768 ||| INVOKING Heroism.
  9905 | Lair:1   | 9905 ||| INVOKING Heroism.
  9907 | Lair:1   | Reached skill level 6 in Shields
  9913 | Lair:1   | Received a gift from Okawaru
 10032 | Lair:1   | 10032 ||| INVOKING Heroism.
 10182 | Lair:1   | Reached skill level 9 in Armour
 10354 | Lair:1   | 10354 ||| INVOKING Heroism.
 10355 | Lair:1   | 10355 ||| INVOKING Finesse.
 10418 | Lair:1   | 10418 ||| INVOKING Heroism.
 10479 | Lair:1   | 10479 ||| READING scroll of teleportation.
 10721 | Lair:1   | 10721 ||| INVOKING Heroism.
 10996 | Lair:1   | 10996 ||| UPGRADING to +1 pair of boots of rampaging.
 11001 | Lair:1   | 11001 ||| READING 7 scrolls of identify.
 11001 | Lair:1   | 11001 ||| IDENTIFYING coppery potion
 11002 | Lair:1   | 11002 ||| DROPPING potion of ambrosia.
 11030 | Lair:2   | 11030 ||| INVOKING Heroism.
 11052 | Lair:2   | Found a staircase to the Shoals.
 11095 | Lair:2   | 11095 ||| INVOKING Heroism.
 11124 | Lair:2   | Noticed an eight-headed hydra
 11127 | Lair:2   | 11127 ||| INVOKING Heroism.
 11134 | Lair:2   | Killed a five-headed hydra
 11174 | Lair:2   | Noticed Amaemon
 11177 | Lair:2   | 11177 ||| INVOKING Heroism.
 11189 | Lair:2   | Killed Amaemon
 11253 | Lair:2   | 11253 ||| INVOKING Heroism.
 11533 | Lair:2   | Reached skill level 13 in Axes
 11724 | Lair:2   | 11724 ||| UPGRADING to +5 ring of evasion.
 11726 | Lair:2   | 11726 ||| UPGRADING to +6 ring of strength.
 11728 | Lair:2   | 11728 ||| DROPPING +4 ring of protection.
 11729 | Lair:2   | 11729 ||| READING 2 scrolls labelled BYFFOA DOBOI.
 11730 | Lair:2   | 11730 ||| READING 6 scrolls of identify.
 11730 | Lair:2   | 11730 ||| IDENTIFYING murky puce potion
 11731 | Lair:2   | 11731 ||| DROPPING scroll of vulnerability.
 11732 | Lair:2   | 11732 ||| DROPPING potion of berserk rage.
 11745 | Lair:3   | 11745 ||| Stepping ~*~*~tactically~*~*~ (stealth).
 11751 | Lair:3   | 11751 ||| Stepping ~*~*~tactically~*~*~ (stealth).
 11774 | Lair:3   | Reached skill level 3 in Throwing
 11785 | Lair:3   | Noticed a skyshark
 11796 | Lair:3   | Killed a skyshark
 11797 | Lair:3   | Reached XP level 13. HP: 79/82 MP: 20/20
 11865 | Lair:3   | 11865 ||| Stepping ~*~*~tactically~*~*~ (stealth).
 11866 | Lair:3   | 11866 ||| Stepping ~*~*~tactically~*~*~ (stealth).
 11888 | Lair:3   | 11888 ||| Stepping ~*~*~tactically~*~*~ (stealth).
 11946 | Lair:3   | 11946 ||| Stepping ~*~*~tactically~*~*~ (stealth).
 11978 | Lair:3   | 11978 ||| INVOKING Heroism.
 12083 | Lair:3   | 12083 ||| Stepping ~*~*~tactically~*~*~ (stealth).
 12092 | Lair:3   | Found a staircase to the Snake Pit.
 12126 | Lair:3   | 12126 ||| INVOKING Heroism.
 12134 | Lair:3   | 12134 ||| Stepping ~*~*~tactically~*~*~ (stealth).
 12260 | Lair:3   | 12260 ||| Stepping ~*~*~tactically~*~*~ (stealth).
 12383 | Lair:3   | 12383 ||| DROPPING +2 cloak.
 12384 | Lair:3   | 12384 ||| READING 2 scrolls labelled PAVAUG VALUIR.
 12385 | Lair:3   | 12385 ||| DROPPING scroll of fog.
 12406 | Lair:3   | 12406 ||| INVOKING Heroism.
 12443 | Lair:4   | 12443 ||| INVOKING Heroism.
 12449 | Lair:4   | Reached skill level 14 in Axes
 12461 | Lair:4   | Received a gift from Okawaru
 12641 | Lair:4   | 12641 ||| INVOKING Heroism.
 12648 | Lair:4   | 12648 ||| Stepping ~*~*~tactically~*~*~ (hiding).
 12666 | Lair:4   | HP: 7/83 [demonic crawler (22)]
 12667 | Lair:4   | 12667 ||| DRINKING 3 potions of heal wounds.
 12668 | Lair:4   | 12668 ||| DRINKING 2 potions of heal wounds.
 12670 | Lair:4   | 12670 ||| DRINKING potion of heal wounds.
 12680 | Lair:4   | HP: 7/83 [demonic crawler (20)]
 12680 | Lair:4   | HP: 3/83 [demonic crawler (4)]
 12681 | Lair:4   | 12681 ||| INVOKING Heroism.
 12682 | Lair:4   | Mangled by a demonic crawler

Levels and vault maps discovered:
D:1:      giann_horns, layout_basic, fountainhead
D:2:      minmay_diamond_boxcup, layout_basic
D:3:      kennysheep_six_static_rooms, layout_rooms,
          gammafunk_ghost_nasty_kobolds, nicolae_ecumenical_pavilion
D:4:      corexii_shack_village, layout_basic, minmay_temple_entry_offerings,
          serial_curves, eino_curves_04, eino_curves_02, minivault_19,
          uniq_duvessa
D:5:      layout_cave_pools, serial_gnoll_camp, gnoll_camp_medium_01,
          grums_kennel, gnoll_camp_mini_hut, gnoll_camp_huts_basic,
          gnoll_camp_mini_shop, serial_shops, shop
D:6:      layout_basic, mainiacjoe_overflow_brackets, uniq_blork_the_orc,
          uniq_prince_ribbit1
D:7:      layout_basic, jmf_multi_god_temple, grunt_ministairs_10,
          supply_closet_lemuel, grunt_decor_fettered
D:8:      layout_rooms, lemuel_round_altar, nicolae_shop_gadgets
D:9:      layout_irregular_city, nicolae_dithmenos_the_darkroom,
          minmay_lair_entry_grove, serial_shops, shop, uniq_joseph
Temple:   minmay_temple_bridge_d
Lair:1:   minmay_lair_oklob_tunnel, layout_hall_layers, grunt_megastairs_5,
          infiniplex_staircase_pool
Lair:2:   layout_roguey, shoals_dummy_entry, chequers_serial_rivers_room_a,
          uniq_amaemon
Lair:3:   layout_misc_corridors, minmay_snake_entry_six_corridors
Lair:4:   layout_regular_city, dpeg_slime_entry_enclosed, worms_lemuel,
          grunt_megastairs_4, serial_bayou_shore_b

Skill      XL: |  1  2  3  4  5  6  7  8  9 10 11 12 13 |
---------------+----------------------------------------+-----
Axes           | 2 3 4 5 6 7 8 9 10 11 13 14 | 14.0
Fighting       | 4 5 7 8 9 10 | 10.7
Armour         | 4 5 7 8 9 10 | 10.0
Invocations    | 1 4 7 10 | 10.0
Throwing       | 1 2 3 |  3.5
Dodging        | 2 |  2.3
Shields        | 4 5 6 7 |  7.0

Action                     |  1- 3 |  4- 6 |  7- 9 | 10-12 | 13-15 || total
---------------------------+-------+-------+-------+-------+-------++-------
  Melee: War axe           |    95 |   184 |   198 |   544 |   170 ||  1191
         Headbutt          |       |    24 |    34 |   118 |    32 ||   208
  Throw: Boomerang         |       |       |    52 |   131 |    51 ||   234
         Javelin           |       |       |       |       |     3 ||     3
 Invoke: Heroism           |       |       |     8 |    23 |     6 ||    37
         Finesse           |       |       |       |     1 |       ||     1
    Use: Scroll            |     4 |     6 |     7 |     5 |     1 ||    23
         Potion            |     2 |     3 |       |     2 |     3 ||    10
 Armour: Scale mail        |    23 |       |       |       |       ||    23
         Plate armour      |    30 |   101 |   135 |   424 |   134 ||   824
  Dodge: Dodged            |    37 |    49 |    51 |   195 |   139 ||   471
  Block: Buckler           |    22 |    33 |    29 |   122 |    70 ||   276

Table legend:
 A = Non-vault XP
 B = Vault XP
 C = Vault XP percentage of total XP
 D = Non-vault monster count
 E = Vault monster count
 F = Vault count percentage of total count
                 A         B        C        D         E       F
            +---------+---------+-------+---------+---------+-------
      Total |   27262 |   17680 |  39.3 |     236 |     110 |  31.8
            +---------+---------+-------+---------+---------+-------
        D:1 |      41 |       0 |   0.0 |      20 |       0 |   0.0
        D:2 |     142 |      18 |  11.2 |      22 |       8 |  26.7
        D:3 |     141 |      11 |   7.2 |      13 |       6 |  31.6
        D:4 |     218 |     228 |  51.1 |      20 |      11 |  35.5
        D:5 |     545 |    1076 |  66.4 |      16 |      28 |  63.6
        D:6 |    1217 |     351 |  22.4 |       9 |       2 |  18.2
        D:7 |    1514 |     169 |  10.0 |      15 |       7 |  31.8
        D:8 |    1103 |       0 |   0.0 |      20 |       0 |   0.0
        D:9 |    4957 |    2519 |  33.7 |      31 |      13 |  29.5
     Lair:1 |    8200 |    3649 |  30.8 |      34 |       8 |  19.0
     Lair:2 |    3206 |    1192 |  27.1 |      11 |       2 |  15.4
     Lair:3 |    5084 |    2572 |  33.6 |      22 |      11 |  33.3
     Lair:4 |     894 |    5895 |  86.8 |       3 |      14 |  82.4
            +---------+---------+-------+---------+---------+-------
